 Dungeon Crawl Stone Soup version 0.31-a0-115-g4708a659fe (webtiles) character file.

Game seed: 5524664226452563146

50 jlumianski the Trooper (level 3, -3/29 HPs)
             Began as a Demonspawn Fighter on May 30, 2023.
             Slain by a gnoll
             ... wielding a +2 spear of venom
              (9 damage)
             ... on level 4 of the Dungeon.
             The game lasted 00:03:26 (819 turns).

jlumianski the Trooper (Demonspawn Fighter)          Turns: 819, Time: 00:03:27

Health: -3/29      AC: 11    Str: 24    XL:     3   Next: 55%
Magic:  3/3        EV:  8    Int:  9    God:
Gold:   86         SH:  4    Dex: 12    Spells: 2/2 levels left

rFire   . . .        a - +0 war axe
rCold   . . .        c - +0 buckler
rNeg    . . .        h - +0 chain mail
rPois   .            (helmet restricted)
rElec   .            (no cloak)
rCorr   .            (no gloves)
SInv    .            (no boots)
Will    .....        (no amulet) Stlth
                     q - +6 ring of strength
HPRegen 0.24/turn    (no ring)
MPRegen 0.08/turn

%: no passive effects
@: brilliant, lethally poisoned (-3 -> -7)
A: horns 1, yellow scales 1
a: no special abilities


You were on level 4 of the Dungeon.
You visited 1 branch of the dungeon, and saw 4 of its levels.

You collected 86 gold pieces.

Inventory:

Hand Weapons
 a - a +0 war axe (weapon)
Missiles
 g - 16 stones
 r - 7 poisoned darts (quivered)
Armour
 b - a +0 scale mail
 c - a +0 buckler (worn)
 f - a +0 pair of gloves
 h - a +0 chain mail (worn)
 m - a +0 cloak
Magical Staves
 e - a staff of air
Jewellery
 q - a +6 ring of strength (left hand)
Scrolls
 i - a scroll of fog {unknown}
 j - a scroll of torment {unknown}
 l - a scroll of vulnerability {unknown}
 n - a scroll of teleportation {unknown}
 o - a scroll of identify {unknown}
 p - a scroll of brand weapon {unknown}
Potions
 d - a potion of might


   Skills:
 + Level 3.2 Fighting
 + Level 2.6 Axes
 + Level 3.1 Armour
 + Level 0.2 Dodging
 + Level 3.0 Shields


You had 2 spell levels left.
You didn't know any spells.
Your spell library was empty.

Dungeon Overview and Level Annotations

Branches:
Dungeon (4/15)
 Temple: D:4-7

Altars:


Innate Abilities, Weirdness & Mutations

You have a pair of small horns on your head.
You are partially covered in yellow scales. (AC +2)


Message History

A hound comes into view.
The hound barks!
The ogre hits you with a +0 giant spiked club.
The ogre attacks as you move away!
The ogre hits you with a +0 giant spiked club.
Really walk into that teleport trap?
You enter a teleport trap!
The teleport trap disappears.
Your surroundings suddenly seem different. 3 gnolls come into view.
A gnoll is wielding a +2 spear of venom.
The gnoll shouts! x2
The gnoll barely misses you. You block the gnoll's attack.
You block the gnoll's attack. The gnoll hits you but does no damage.
The gnoll misses you.
A scorpion comes into view.
An adder comes into view.
The adder moves out of view.
You closely miss the scorpion. You hit the gnoll.
The scorpion stings you but does no damage.
The gnoll completely misses you. You block the gnoll's attack.
The scorpion barely misses you.
You barely miss the scorpion. You hit the gnoll.
The gnoll hits you from afar with a +2 spear of venom.
The gnoll barely misses you. The scorpion stings you.
The gnoll closely misses you. The gnoll hits you but does no damage.
You are poisoned.
You slash the scorpion!
The scorpion is severely wounded.
You slash the gnoll!
You kill the gnoll!
You feel very sick.
The scorpion stings you but does no damage.
The gnoll hits you from afar with a +2 spear of venom.
* * * LOW HITPOINT WARNING * * *
The scorpion stings you but does no damage.
It was a potion of brilliance.
You feel clever all of a sudden.
You feel sick.
The gnoll hits you from afar with a +2 spear of venom!
You die...

### ####.##
#####.....#
.........#
#..######.####
#..gg)@sS.....
#.#######.....
#.# ... ..# .
...# .....
###... ...


You could see a scorpion, 2 gnolls and an adder.

Vanquished Creatures
  A gnoll (D:4)
  An adder (D:2)
  3 ball pythons
  A bat (D:2)
  5 endoplasms
  2 giant cockroaches (D:1)
  2 goblins (D:1)
  A hobgoblin (D:4)
  3 jackals (D:1)
  7 kobolds
  A frilled lizard (D:1)
  A rat (D:1)
28 creatures vanquished.

Notes
Turn   | Place    | Note
-------+----------+-------------------------------------------
     0 | D:1      | jlumianski the Demonspawn Fighter began the quest for the
                  | Orb.
     0 | D:1      | Reached XP level 1. HP: 18/18 MP: 1/1
   128 | D:1      | Gained mutation: You have a pair of small horns on your
                  | head. [demonic ancestry]
   128 | D:1      | Reached XP level 2. HP: 24/24 MP: 2/2
   669 | D:2      | Found a faded altar of an unknown god.
   689 | D:2      | Gained mutation: You are partially covered in yellow
                  | scales. (AC +2) [demonic ancestry]
   689 | D:2      | Reached XP level 3. HP: 17/29 MP: 3/3
   805 | D:4      | Noticed an ogre
   813 | D:4      | Noticed a scorpion
   819 | D:4      | Slain by a gnoll

Illustrated notes

Levels and vault maps discovered:
D:1:      lemuel_arrival_cross, layout_basic, chequers_serial_rivers_micro_e,
          dreamdust_princess_corridor
D:2:      layout_basic, shapermc_ecumenical_altar_gd
D:3:      layout_basic
D:4:      layout_loops_cross, minitemple, serial_shops,
          nicolae_shop_rolling_square, uniq_duvessa

Skill      XL: |  1  2 |
---------------+-------+-----
Armour         | 3 |  3.1
Axes           | 2 |  2.6
Shields        | 3 |  3.0
Fighting       | |  3.2
Dodging        | |  0.2

Action                     || total
---------------------------++-------
  Melee: War axe           ||    82
         Headbutt          ||     6
    Use: Potion            ||     1
 Armour: Scale mail        ||     3
         Chain mail        ||    56
  Dodge: Dodged            ||    38
  Block: Buckler           ||    27

Table legend: (Time is in decaauts)
 A = Elapsed time spent in this place.
 B = Non-inter-level travel time spent in this place.
 C = Inter-level travel time spent in this place.
 D = Time resting spent in this place.
 E = Time spent auto-exploring this place.
 F = Levels seen in this place.
 G = Mean time per level.
                   A        B        C        D        E       F      G
               +--------+--------+--------+--------+--------+-----+--------+
         Total |    852 |    852 |      0 |     55 |    326 |   4 |  213.0 |
       Dungeon |    852 |    852 |      0 |     55 |    326 |   4 |  213.0 |
               +--------+--------+--------+--------+--------+-----+--------+

Top non-repeatable levels by time:
     D:1: 590 daAuts
     D:2: 197 daAuts
     D:4: 48 daAuts
     D:3: 16 daAuts
